 Dungeon Crawl Stone Soup version 0.30.1-11-g7821555f0a (webtiles) character file.

Game seed: 13810356338958103714

68 KittyFluff the Cudgeller (level 4, -1/43 HPs)
             Began as a Gargoyle Berserker on Nov 1, 2023.
             Was a Believer of Trog.
             Slain by Sigmund
             ... wielding a +3 heavy scythe
              (17 damage)
             ... on level 2 of the Dungeon.
             The game lasted 00:05:39 (1464 turns).

KittyFluff the Cudgeller (Gargoyle Berserker)       Turns: 1464, Time: 00:05:40

Health: -1/43      AC: 10    Str: 23    XL:     4   Next: 19%
Magic:  4/4        EV: 11    Int:  7    God:    Trog [**....]
Gold:   89         SH:  0    Dex:  9    Spells: 3/3 levels left

rFire   . . .        a - +0 mace
rCold   . . .        (no shield)
rNeg    + . .        i - +0 leather armour
rPois   ∞            (no helmet)
rElec   +            j - +2 cloak
rCorr   .            (no gloves)
SInv    .            (no boots)
Will    .....        (no amulet) Stlth
                     (no ring)
HPRegen 0.27/turn    (no ring)
MPRegen 0.09/turn

%: no passive effects
@: berserking (expiring), very quick
A: sickness immunity, AC +3, negative energy resistance 1, electricity
resistance, torment resistance 1, petrification resistance
a: Renounce Religion, Berserk, Trog's Hand


You were on level 2 of the Dungeon.
You worshipped Trog.
Trog was pleased with you.
You visited 1 branch of the dungeon, and saw 2 of its levels.

You collected 89 gold pieces.

Inventory:

Hand Weapons
 a - a +0 mace (weapon)
Armour
 i - a +0 leather armour (worn)
 j - a +2 cloak (worn)
Scrolls
 c - 2 scrolls of teleportation {unknown}
 d - a scroll of identify {unknown}
 e - 3 scrolls of enchant armour {unknown}
 g - 2 scrolls of noise {unknown}
Potions
 b - a potion of magic {unknown}
 f - 2 potions of lignification {unknown}
 h - a potion of heal wounds {unknown}


   Skills:
 + Level 3.7 Fighting
 * Level 3.7 Maces & Flails
 * Level 3.2 Armour
 + Level 2.0 Dodging


You had 3 spell levels left.
You didn't know any spells.
Your spell library was empty.

Dungeon Overview and Level Annotations

Branches:
Dungeon (2/15)

Altars:

Annotations:
D:2 Sigmund


Innate Abilities, Weirdness & Mutations

You are immune to sickness and miasma.
Your stone body is resilient. (AC +3)
You are immune to poison.
You resist negative energy. (rN+)
You are resistant to electric shocks. (rElec)
You are resistant to unholy torment.
You are immune to petrification.


Message History

You barely miss the giant cockroach.
The giant cockroach is almost dead.
The giant cockroach bites you but does no damage.
The giant cockroach barely misses you.
You hit the giant cockroach.
You kill the giant cockroach!
Trog accepts your kill.
Found a stone staircase leading up.
You see here a quokka skeleton.
Sigmund the Dreaded comes into view.
He is wielding a +3 heavy scythe and carrying a wand of roots (8).
Sigmund shouts!
Sigmund screams, "Die, monster!"
A bat comes into view.
Sigmund gestures at you while chanting. You resist with some effort.
You hit Sigmund but do no damage.
Sigmund zaps a wand.
The roots erupt in riotous growth!
The grasping roots grab you!
Sigmund is unaffected.
The grasping roots constrict you.
You barely miss Sigmund. Sigmund barely misses you.
The grasping roots constrict you.
The grasping roots release their grip on you.
You hit Sigmund.
Sigmund is lightly wounded.
You hit Sigmund.
Sigmund is lightly wounded.
Sigmund hits you with a +3 heavy scythe!
A red film seems to cover your vision as you go berserk!
You feel yourself moving faster!
You feel mighty!
You barely miss Sigmund.
Sigmund is lightly wounded.
Sigmund barely misses you.
You thump Sigmund!
Sigmund is severely wounded.
You barely miss Sigmund.
Sigmund is severely wounded.
You hit Sigmund.
Sigmund is severely wounded.
Sigmund hits you with a +3 heavy scythe!
You die...

###############.#
#........@@b....#
########÷###############
.......................
########.##........###.
# ######.##........<.# #
#....#.##........###.#
###....#.##............#
...[...†.##........####
###....####.#...........


You could see Sigmund and a bat.

Vanquished Creatures
  4 adders (D:2)
  A worm (D:2)
  A dart slug (D:1)
  An endoplasm (D:1)
  3 giant cockroaches (D:2)
  A hobgoblin (D:2)
  A quokka (D:2)
  2 ball pythons
  6 bats
  A frilled lizard (D:2)
  3 goblins (D:1)
  2 kobolds (D:1)
  5 rats
31 creatures vanquished.

Notes
Turn   | Place    | Note
-------+----------+-------------------------------------------
     0 | D:1      | KittyFluff the Gargoyle Berserker began the quest for the
                  | Orb.
     0 | D:1      | Reached XP level 1. HP: 14/14 MP: 1/1
   101 | D:1      | Reached XP level 2. HP: 19/19 MP: 2/2
   152 | D:1      | Found a faded altar of an unknown god.
   678 | D:2      | Reached XP level 3. HP: 16/23 MP: 3/3
   992 | D:2      | Reached XP level 4. HP: 28/28 MP: 4/4
  1197 | D:2      | HP: 2/42 [worm (4)]
  1420 | D:2      | Reached ** piety under Trog
  1452 | D:2      | Noticed Sigmund
  1464 | D:2      | Slain by Sigmund

Illustrated notes

Levels and vault maps discovered:
D:1:      roderic_chinese_lattice_arrival, layout_basic,
          shapermc_ecumenical_altar_mp_highgroup
D:2:      cheibrodos_pilgrimage, layout_basic, uniq_sigmund

Skill      XL: |  1  2  3 |
---------------+----------+-----
Armour         | 3 |  3.2
Dodging        | 2 |  2.0
Fighting       | |  3.7
Maces & Flails | |  3.7

Action                     |  1- 3 |  4- 6 || total
---------------------------+-------+-------++-------
  Melee: Mace              |   110 |    36 ||   146
 Invoke: Berserk           |       |     2 ||     2
 Armour: Animal skin       |    47 |       ||    47
         Leather armour    |     8 |    17 ||    25
  Dodge: Dodged            |    92 |    20 ||   112
